 Dungeon Crawl Stone Soup version 0.19.0-19-g8c6edcc (webtiles) character file.

1207 Jerry the Thaumaturge (level 8, -14/41 HPs)
             Began as a Deep Elf Fire Elementalist on Nov 13, 2016.
             Demolished by an orc warrior
             ... wielding a +0 battleaxe
              (18 damage)
             ... on level 5 of the Dungeon.
             The game lasted 00:31:03 (7854 turns).

Jerry the Thaumaturge (Deep Elf Fire Elementalist)  Turns: 7854, Time: 00:31:04

Health: -14/41     AC:  2    Str: 10    XL:     8   Next: 21%
Magic:  22/22      EV: 13    Int: 23    God:
Gold:   386        SH:  0    Dex: 15    Spells: 4 memorised, 12 levels left

rFire  . . .     SeeInvis .     f - +0 dagger
rCold  . . .     Gourm    .     a - +0 robe
rNeg   . . .     Faith    .     (no shield)
rPois  +         Spirit   .     (no helmet)
rElec  .         Reflect  .     (no cloak)
rCorr  .         Harm     .     (no gloves)
MR     .....                    (no boots)
Stlth  ++........               (no amulet)
                                w - ring of poison resistance
                                i - ring of wizardry

@: mighty
A: no striking features
a: no special abilities


You were on level 5 of the Dungeon.
You were not hungry.

You visited 1 branch of the dungeon, and saw 6 of its levels.

You collected 386 gold pieces.

Inventory:

Hand Weapons
 f - a +0 dagger (weapon)
Missiles
 h - 47 sling bullets
Armour
 a - a +0 robe (worn)
Jewellery
 i - a ring of wizardry (left hand)
 w - a ring of poison resistance (right hand)
Wands
 g - a wand of enslavement (9/24)
Scrolls
 e - 3 scrolls of noise {unknown}
 k - 2 scrolls of blinking {unknown}
 l - 2 scrolls of remove curse
 m - a scroll of amnesia
 o - a scroll of enchant armour {unknown}
 q - a scroll of identify
 v - a scroll of immolation {unknown}
 y - a scroll of magic mapping {unknown}
Potions
 n - 2 potions of might
 p - a potion of berserk rage {unknown}
 r - a potion of curing {unknown}
 s - a potion of heal wounds {unknown}
 t - a potion of lignification {unknown}
 x - 2 potions of flight {unknown}
 A - 2 potions of haste {unknown}
Books
 b - a book of Flames

   Spells                             Type                      Level
   a - Flame Tongue                   Conjuration/Fire             1
   b - Throw Flame                    Conjuration/Fire             2
   c - Conjure Flame                  Conjuration/Fire             3
   d - Inner Flame                    Hexes/Fire                   3
   e - Sticky Flame                   Conjuration/Fire             4
   f - Fireball                       Conjuration/Fire             5
Comestibles
 c - 5 bread rations
 d - 2 beef jerkies
 j - 2 chunks of flesh
 u - 5 fruits


   Skills:
 - Level 2.4 Dodging
 - Level 2.4 Stealth
 + Level 8.2 Spellcasting
 + Level 6.0 Conjurations
 + Level 7.0 Fire Magic


You had 12 spell levels left.
You knew the following spells:

 Your Spells              Type           Power        Failure   Level  Hunger
a - Flame Tongue          Conj/Fire      #####        1%          1    None
b - Throw Flame           Conj/Fire      #####.       1%          2    None
c - Conjure Flame         Conj/Fire      #####...     1%          3    None
d - Fireball              Conj/Fire      #####.....   6%          5    #####..


Dungeon Overview and Level Annotations

Branches:
Dungeon (6/15)
 Temple: D:4-7

Altars:
Fedhas
Okawaru
Trog
Zin


Message History

* * * LOW HITPOINT WARNING * * *
Some of the chunks of flesh in your inventory have rotted away.
Things that are here:
a flail; a gnoll skeleton It was a potion of might.
You feel very mighty all of a sudden.
The orc warrior hits you with a battleaxe.
* * * LOW HITPOINT WARNING * * *
You barely miss the orc warrior.
The orc warrior is moderately wounded.
You puncture the orc warrior!
The orc warrior is severely wounded.
The orc warrior misses you.
You hit the orc warrior.
The orc warrior is almost dead.
The orc warrior hits you but does no damage.
You hit the orc warrior.
The orc warrior is almost dead.
The orc warrior hits you with a battleaxe!!
You die...

######### #........
#........ ####........
###########...........
#...........#......###
#.............#.##.###
#...........###.##..##
#....@o....## #.###...
#..........####.#.....
#############<........
##......###.
##........##.
##............
##..#..........
###..##........#.
#.............#..


You could see an orc warrior.

Vanquished Creatures
  Grinder (D:5)
  An ogre (D:5)
  2 howler monkeys
  A centaur zombie (D:5)
  A jelly (D:5)
  2 hounds
  5 orc wizards
  3 orc priests
  3 iguanas
  2 worker ants
  15 gnolls
  8 adders
  A shadow imp (D:5)
  3 oozes
  An adder skeleton (D:5)
  2 worms (D:2)
  3 dart slugs
  2 leopard geckos (D:1)
  19 orcs
  5 giant cockroaches
  6 goblins
  5 hobgoblins
  4 jackals
  6 kobolds
  A quokka (D:3)
  3 ball pythons
  6 bats
  2 frilled lizards
  A leopard gecko skeleton (D:6)
  6 rats
120 creatures vanquished.

Notes
Turn   | Place    | Note
-------+----------+-------------------------------------------
     0 | D:1      | Jerry the Deep Elf Fire Elementalist began the quest for the Orb.
     0 | D:1      | Reached XP level 1. HP: 10/10 MP: 6/6
   408 | D:1      | Reached XP level 2. HP: 15/15 MP: 2/8
   478 | D:1      | Learned a level 2 spell: Throw Flame
  1396 | D:1      | Reached XP level 3. HP: 9/19 MP: 2/10
  1658 | D:2      | Reached skill level 4 in Spellcasting
  1887 | D:2      | Reached XP level 4. HP: 24/24 MP: 3/12
  2714 | D:2      | Learned a level 3 spell: Conjure Flame
  3028 | D:3      | Reached XP level 5. HP: 28/28 MP: 4/14
  3299 | D:3      | Reached skill level 5 in Spellcasting
  3323 | D:3      | Learned a level 5 spell: Fireball
  3436 | D:3      | Found a blossoming altar of Fedhas.
  3464 | D:3      | Found a glowing silver altar of Zin.
  3467 | D:3      | Found an iron altar of Okawaru.
  3470 | D:3      | Found a bloodstained altar of Trog.
  3719 | D:3      | Reached skill level 5 in Fire Magic
  3844 | D:3      | Reached XP level 6. HP: 32/32 MP: 12/16
  4726 | D:4      | Reached skill level 6 in Spellcasting
  5214 | D:5      | Entered Level 5 of the Dungeon
  5235 | D:5      | Reached XP level 7. HP: 36/36 MP: 15/18
  5770 | D:5      | Reached skill level 5 in Conjurations
  5831 | D:5      | Reached skill level 7 in Spellcasting
  6231 | D:5      | Noticed Grinder
  6753 | D:5      | Paralysed by Grinder for 7 turns
  6768 | D:5      | Killed Grinder
  6768 | D:5      | Reached XP level 8. HP: 15/41 MP: 11/21
  6970 | D:5      | Reached skill level 8 in Spellcasting
  7793 | D:5      | HP: 2/41 [orc warrior/battleaxe (15)]
  7854 | D:5      | Demolished by an orc warrior

Skill      XL: |  1  2  3  4  5  6  7  8 |
---------------+-------------------------+-----
Conjurations   | 2 3 4 5 6 |  6.0
Spellcasting   | 4 5 6 7 8 |  8.2
Fire Magic     | 4 5 6 7 |  7.0
Dodging        | |  2.4
Stealth        | |  2.4

Action                   |  1- 3 |  4- 6 |  7- 9 || total
-------------------------+-------+-------+-------++-------
Melee: Dagger            |       |     5 |    43 ||    48
 Cast: Flame Tongue      |    35 |    42 |    66 ||   143
       Throw Flame       |    19 |    84 |    65 ||   168
       Conjure Flame     |       |       |     2 ||     2
       Fireball          |       |       |     2 ||     2
  Use: Scroll            |       |       |     3 ||     3
       Potion            |       |       |     1 ||     1
  Eat: Chunk             |     3 |    11 |     8 ||    22
Armor: Robe              |     2 |     2 |     6 ||    10
Dodge: Dodged            |    12 |    17 |    73 ||   102
